 Dungeon Crawl Stone Soup version 0.26-b1-32-g5d43845318 (webtiles) character file.

Game seed: 359061551383583521

940 Borgoz the Skirmisher (level 8, -3/68 HPs)
             Began as a Ghoul Gladiator on Jan 13, 2021.
             Was an Initiate of Ashenzari.
             Slain by a killer bee (7 damage)
             ... on level 6 of the Dungeon.
             The game lasted 00:04:19 (5358 turns).

Borgoz the Skirmisher (Ghoul Gladiator)             Turns: 5358, Time: 00:04:20

Health: -3/68      AC:  5    Str: 18    XL:     8   Next: 12%
Magic:  7/7        EV: 14    Int:  3    God:    Ashenzari [......]
Gold:   267        SH:  5    Dex: 12    Spells: 7/7 levels left

rFire    . . .     SeeInvis .   m - +0 morningstar
rCold    + . .     Faith    .   (no shield)
rNeg     + + +     Spirit   .   b - +0 leather armour
rPois    ∞         Reflect  +   c - +0 helmet
rElec    .         Harm     .   k - +0 cloak
rCorr    .         Rampage  .   (no gloves)
Will     .....                  (no boots)
Stlth    +.........             o - amulet of reflection
HPRegen  0.00/turn              (no ring)
MPRegen  0.10/turn              (no ring)

@: no status effects
A: claws 1, cold resistance 1, negative energy resistance 3, inhibited
regeneration, torment resistance, unbreathing
a: Renounce Religion, Curse Item


You were on level 6 of the Dungeon.
You worshipped Ashenzari.
Ashenzari was noncommittal.
You visited 2 branches of the dungeon, and saw 7 of its levels.

You collected 267 gold pieces.

Inventory:

Hand Weapons
 m - a +0 morningstar (weapon)
Missiles
 d - 3 throwing nets (quivered)
Armour
 b - a +0 leather armour (worn)
 c - a +0 helmet (worn)
 k - a +0 cloak (worn)
Jewellery
 o - an amulet of reflection (around neck)
Wands
 w - a wand of digging (4)
 y - a wand of iceblast (12)
 A - a wand of acid (7)
Scrolls
 a - 2 scrolls of fear {unknown}
 f - 5 scrolls of identify {unknown}
 l - 2 scrolls of remove curse
 p - 3 scrolls of enchant armour {unknown}
 q - a scroll of random uselessness {unknown}
 r - a scroll of teleportation {unknown}
 s - a scroll of enchant weapon {unknown}
 t - a scroll of amnesia {unknown}
 u - a scroll of magic mapping {unknown}
 v - a scroll of noise {unknown}
Potions
 e - 4 potions of heal wounds {unknown}
 g - 2 potions of attraction {unknown}
 h - a potion of curing {unknown}
 i - a potion of cancellation
 j - a potion of degeneration {unknown}
 n - 3 potions of might {unknown}
 x - a potion of mutation {unknown}


   Skills:
 + Level 5.3 Fighting
 + Level 4.9 Maces & Flails
 - Level 1.7 Throwing
 + Level 3.8 Armour
 + Level 4.9 Dodging


You had 7 spell levels left.
You didn't know any spells.
Your spell library contained the following spells:

 Spells                   Type           Power        Failure   Level
 Magic Dart               Conj           0%           58%         1
 Blink                    Tloc           N/A          73%         2
 Call Imp                 Summ           0%           73%         2
 Slow                     Hex            0%           73%         2
 Confusing Touch          Hex            0%           91%         3
 Conjure Flame            Conj/Fire      0%           91%         3
 Gell's Gravitas          Tloc           0%           91%         3
 Mephitic Cloud           Conj/Pois/Air  0%           91%         3
 Petrify                  Tmut/Erth      0%           100%        4
 Metabolic Englaciation   Hex/Ice        0%           100%        5
 Yara's Violent Unravell  Hex/Tmut       0%           100%        5


Dungeon Overview and Level Annotations

Branches:
Dungeon (6/15)             Temple (1/1) D:5

Altars:
Ashenzari
Cheibriados
Dithmenos
Elyvilon
Gozag
Makhleb
Qazlal
Sif Muna
Uskayaw
Vehumet
Wu Jian
Xom
The Shining One


Innate Abilities, Weirdness & Mutations

You thrive by killing the living.
You are immune to poison.
You have sharp fingernails.
Your flesh is cold resistant. (rC+)
You are immune to negative energy. (rN+++)
You do not regenerate when monsters are visible.
You are immune to unholy pain and torment.
You can survive without breathing.


Message History

You closely miss the killer bee. The killer bee stings you!
* * * LOW HITPOINT WARNING * * *
The killer bee misses you. The killer bee closely misses you.
The killer bee stings you.
* * * LOW HITPOINT WARNING * * *
The killer bee stings you but does no damage.
The killer bee misses you. The killer bee stings you.
* * * LOW HITPOINT WARNING * * *
The killer bee barely misses you.
You barely miss the killer bee. The killer bee misses you.
The killer bee barely misses you. The killer bee closely misses you.
You block the killer bee's attack. The killer bee completely misses you.
The killer bee barely misses you. You block the killer bee's attack.
You miss the killer bee. The killer bee misses you. x3
The killer bee completely misses you. The killer bee stings you!
* * * LOW HITPOINT WARNING * * *
The killer bee misses you.
The killer bee stings you but does no damage.
The killer bee stings you!
You die...

###.F.......##
..#####Z.....##
#...##......^.###
#.[....##.....<##
###...F###......#
.##......###.........
.........Zsh###.....##
.........Oyyy###......
........###@.# ####.##
##....### #### ##
#####


You could see an ogre, a bullfrog, a scorpion, 3 killer bees, a hornet zombie
and a jackal.

Vanquished Creatures
  Grinder (D:3)
  Eustachio (D:4)
  An ogre (D:4)
  2 scorpions
  An orc priest (D:3)
  A bullfrog skeleton (D:5)
  2 hounds
  A jelly (D:6)
  Jessica (D:2)
  2 iguanas (D:4)
  A worker ant (D:4)
  A hound zombie (D:4)
  6 adders
  A shadow imp (D:5)
  A white imp (D:5)
  An adder skeleton (D:4)
  5 dart slugs
  8 leopard geckos
  2 orcs
  4 giant cockroaches
  11 goblins
  7 hobgoblins
  13 kobolds
  A ball python (D:1)
  9 bats
  8 frilled lizards
  11 rats
103 creatures vanquished.

Vanquished Creatures (others)
  An adder (D:6)
  A leopard gecko (D:6)
  An orc (D:6)
3 creatures vanquished.

Grand Total: 106 creatures vanquished

Notes
Turn   | Place    | Note
-------+----------+-------------------------------------------
     0 | D:1      | Borgoz the Ghoul Gladiator began the quest for the Orb.
     0 | D:1      | Reached XP level 1. HP: 17/17 MP: 0/0
   239 | D:1      | Reached XP level 2. HP: 25/25 MP: 1/1
   824 | D:1      | Reached XP level 3. HP: 30/30 MP: 2/2
   848 | D:1      | Reached skill level 1 in Armour
  1366 | D:2      | Noticed Jessica
  1375 | D:2      | Killed Jessica
  1376 | D:2      | Reached skill level 3 in Fighting
  1376 | D:2      | Reached XP level 4. HP: 38/38 MP: 3/3
  1530 | D:2      | Found a burning altar of Makhleb.
  1718 | D:2      | Reached XP level 5. HP: 45/45 MP: 4/4
  2472 | D:3      | Noticed Grinder
  2987 | D:3      | Paralysed by Grinder for 4 turns
  2998 | D:3      | Killed Grinder
  2999 | D:3      | Reached skill level 4 in Fighting
  2999 | D:3      | Reached XP level 6. HP: 12/52 MP: 5/5
  3582 | D:4      | Found a shimmering blue altar of Sif Muna.
  3589 | D:4      | Reached XP level 7. HP: 57/60 MP: 6/6
  3594 | D:4      | Found a hide-covered altar of Uskayaw.
  3600 | D:4      | Found an ornate altar of the Wu Jian Council.
  3653 | D:4      | Noticed Eustachio
  3666 | D:4      | Killed Eustachio
  4059 | D:4      | Reached skill level 5 in Fighting
  4201 | D:5      | Entered Level 5 of the Dungeon
  4718 | D:5      | Found a shimmering blue altar of Sif Muna.
  4730 | D:5      | Found a staircase to the Ecumenical Temple.
  4760 | D:5      | Reached XP level 8. HP: 68/68 MP: 7/7
  4780 | Temple   | Entered the Ecumenical Temple
  5134 | Temple   | Became a worshipper of Ashenzari the Shackled
  5334 | D:6      | Found a shimmering altar of Xom.
  5358 | D:6      | Slain by a killer bee

Illustrated notes

Levels and vault maps discovered:
D:1:      wander_arrival_peaceful_grave, layout_basic, kennysheep_minor_cross
D:2:      layout_basic, nicolae_overflow_crystal_walls, uniq_jessica
D:3:      minmay_skewed_foursquare, layout_loops_ring, minmay_crystal_water,
          uniq_grinder
D:4:      layout_rooms, overflow_temple_1_default, grunt_temple_overflow_open,
          uniq_eustachio
D:5:      layout_basic, minmay_temple_entry_poolview, basic_altar
D:6:      layout_cave_pods, grunt_temple_overflow_bloody_war, basic_altar,
          xom_confusion_cloud, uniq_duvessa, uniq_pikel
Temple:   compressed_dpeg_triangle_lava_temple

Skill      XL: |  1  2  3  4  5  6  7 |
---------------+----------------------+-----
Maces & Flails | 3 4 |  4.9
Dodging        | 3 4 |  4.9
Armour         | 1 2 3 |  3.8
Fighting       | 3 4 5 |  5.3
Throwing       | |  1.7

Action                   |  1- 3 |  4- 6 |  7- 9 || total
-------------------------+-------+-------+-------++-------
Melee: Flail             |   140 |   104 |       ||   244
       Morningstar       |       |    66 |   100 ||   166
  Use: Potion            |       |     2 |     1 ||     3
Armor: Leather armour    |    59 |    49 |    21 ||   129
Dodge: Dodged            |   149 |   150 |   114 ||   413
Block: Other             |       |     2 |    31 ||    33
